 Dungeon Crawl Stone Soup version 0.22-a0-617-g6d95e9e (webtiles) character file.

5226 kuniqs the Thaumaturge (level 10, -4/50 HPs)
             Began as a Deep Elf Ice Elementalist on July 12, 2018.
             Was a Believer of Vehumet.
             Slain by a hornet (11 damage)
             ... on level 13 of the Dungeon on July 13, 2018.
             The game lasted 00:30:10 (11071 turns).

kuniqs the Thaumaturge (Deep Elf Ice Elementalist) Turns: 11071, Time: 00:30:11

Health: -4/50      AC:  5    Str:  5    XL:     10   Next: 35%
Magic:  5/24       EV: 14    Int: 24    God:    Vehumet [**....]
Gold:   385        SH:  3    Dex: 18    Spells: 13/25 levels left

rFire    . . .     SeeInvis .   x - +9 war axe "Weahusko" {holy, Dex+3 Stlth+}
rCold    . . .     Gourm    .   (no shield)
rNeg     . . .     Faith    .   a - +0 robe
rPois    .         Spirit   .   B - +0 helmet
rElec    .         Reflect  +   (no cloak)
rCorr    .         Harm     .   y - +0 pair of gloves
MR       ++...                  u - +0 pair of boots
Stlth    +++++.....             t - +3 amulet of reflection
HPRegen  0.16/turn              k - ring of protection from magic
MPRegen  0.19/turn              (no ring)

@: heavily drained
A: no striking features
a: Renounce Religion


You were on level 13 of the Dungeon.
You worshipped Vehumet.
Vehumet was pleased with you.
You were hungry.

You visited 2 branches of the dungeon, and saw 12 of its levels.

You collected 614 gold pieces.
You spent 229 gold pieces at shops.

Inventory:

Hand Weapons
 x - the +9 war axe "Weahusko" (weapon) {holy, Dex+3 Stlth+}
   (You bought it in a shop on level 7 of the Dungeon)

   It has been blessed by the Shining One to cause great damage to the undead
   and demons.
   It affects your dexterity (+3).
   It makes you more stealthy.
Missiles
 K - 50 stones (quivered)
Armour
 a - a +0 robe (worn)
 u - a +0 pair of boots (worn)
 y - a +0 pair of gloves (worn)
 B - a +0 helmet (worn)
Magical Staves
 v - an uncursed staff of wizardry
 E - an uncursed staff of summoning
Jewellery
 k - a ring of protection from magic (left hand)
 t - a +3 amulet of reflection (around neck)
Wands
 w - a wand of enslavement (6)
 D - a wand of random effects (31)
 G - a wand of acid (2)
 J - a wand of flame (38)
Scrolls
 e - a scroll of teleportation
 f - 2 scrolls of immolation
 g - 2 scrolls of identify {@r1}
 j - a scroll of magic mapping
 l - a scroll of fear
 n - a scroll of enchant armour
 o - 2 scrolls of fog
 p - 3 scrolls of amnesia
 F - a scroll of noise {unknown}
 I - 3 scrolls of remove curse {unknown}
 L - a scroll of blinking
 M - a scroll of enchant weapon {unknown}
Potions
 b - a potion of lignification {unknown}
 d - a potion of flight {unknown}
 h - 3 potions of invisibility
 i - a potion of curing {@q1}
 m - 3 potions of haste {unknown}
 q - a potion of cancellation {unknown}
 r - 2 potions of heal wounds {unknown}
 s - 2 potions of might
 z - 3 potions of agility {unknown}
 A - 2 potions of magic {unknown}
 C - 2 potions of resistance {unknown}
 H - a potion of berserk rage {unknown}
Comestibles
 c - 19 rations


   Skills:
 + Level 5.2(4.0) Dodging
 + Level 8.3(7.0) Stealth
 + Level 8.4(7.1) Spellcasting
 + Level 6.1(4.8) Conjurations
   Level 7.0(5.7) Charms
 + Level 5.5(4.3) Summonings
 + Level 7.2(6.0) Ice Magic
 * Level 2.8(1.7) Earth Magic
 + Level 5.1(3.9) Evocations


You had 13 spell levels left.
You knew the following spells:

 Your Spells              Type           Power        Failure   Level  Hunger
a - Sandblast             Erth           ###...       3%          1    None
b - Throw Frost           Conj/Ice       ####..       1%          2    None
c - Throw Icicle          Conj/Ice       ####....     8%          4    ###....
d - Summon Ice Beast      Ice/Summ       ####....     9%          4    ###....
f - Freeze                Ice            ####         1%          1    None

Your spell library contained the following spells:

 Spells                   Type           Power        Failure   Level  Hunger
 Ozocubu's Armour         Chrm/Ice       #####...     1%          3    None


Dungeon Overview and Level Annotations

Branches:
Dungeon (10/15)            Temple (1/1) D:5             Orc (0/2) D:9
   Lair: D:8-11

Altars:
Ashenzari
Elyvilon
Fedhas
Hepliaklqana
Kikubaaqudgha
Makhleb
Nemelex Xobeh
Ru
Uskayaw
Vehumet
Wu Jian
Xom
Zin
The Shining One

Shops:
D:4 (   D:7 (   D:9 :

Annotations:
D:7 exclusions: 2 killer bees and 1 more exclusion
D:8 3 runed doors, Treefire's ghost, novice DrTm


Message History

an uncursed dagger o' drainin'; an uncursed blowgun; tha kobold corpse o' Sonja Yer surroundin's sudd'nly seem different.
Tha hornet buzzes angrily.
Tha hornet closely misses ye.
Found 15 stones, a chain mail an' 8 gold pieces.
Found an 'scape hatch in tha ceilin'.
Tha hornet stin's ye!
* * * LOW HITPOINT WARNIN'
* * * Ye sudd'nly lose tha ability ta move!
Tha hornet stin's ye!
* * * LOW HITPOINT WARNIN'
* * * Ye be leth'lly poison'd!
Ye feel yerself slow down.
Ye can move again.
Ye see 'ere a chain mail.
Unknown command.
Ye feel better.
Ye feel yerself speed up.
Tha hornet barely misses ye.
Tha hornet stin's ye!
Ye die...

################
................
......<@........
.......y........
.........(......
.............$..
################


You could see a hornet.

Vanquished Creatures
  Sonja (D:13)
  A hippogriff (D:9)
  A warg (D:9)
  2 phantoms
  An eye of draining (D:13)
  A sky beast (D:10)
  3 ogres
  A big kobold (D:9)
  4 bullfrogs
  3 scorpions
  A howler monkey (D:5)
  2 crimson imps
  A centaur zombie (D:9)
  2 jellies (D:8)
  4 hounds
  7 orc wizards
  A gnoll shaman (D:6)
  3 worker ants
  A worker ant zombie (D:9)
  4 gnolls (D:6)
  11 adders
  2 shadow imps
  5 oozes
  3 worms
  7 dart slugs
  4 leopard geckos
  19 orcs
  7 bats
  6 giant cockroaches
  3 goblins (D:1)
  5 hobgoblins
  10 jackals
  12 kobolds
  3 quokkas
  7 frilled lizards
  A jackal skeleton (D:5)
  A quokka skeleton (D:9)
  4 rats
154 creatures vanquished.

Vanquished Creatures (collateral kills)
  2 two-headed ogres
  A necromancer (D:13)
  A deep elf mage (D:13)
  Joseph (D:9)
  2 trolls (D:13)
  3 yaks (D:9)
  A hungry ghost (D:7)
  Menkaure (D:7)
  2 wargs (D:9)
  2 orc warriors
  A black bear (D:9)
  A phantom (D:5)
  2 centaurs
  A big kobold (D:9)
  A centaur zombie (D:6)
  A crimson imp (D:7)
  A jelly (D:8)
  A bullfrog skeleton (D:9)
  A hound (D:6)
  2 orc priests (D:13)
  5 orc wizards (D:9)
  An ooze (D:8)
  An orc (D:13)
35 creatures vanquished.

Grand Total: 189 creatures vanquished

Notes
Turn   | Place    | Note
-------+----------+-------------------------------------------
     0 | D:1      | kuniqs the Deep Elf Ice Elementalist began the quest for the Orb.
     0 | D:1      | Reached XP level 1. HP: 10/10 MP: 6/6
   112 | D:1      | Reached XP level 2. HP: 15/15 MP: 5/8
   116 | D:1      | Learned a level 2 spell: Throw Frost
   633 | D:1      | Reached XP level 3. HP: 18/19 MP: 1/10
   734 | D:1      | Learned a level 3 spell: Ozocubu's Armour
  1155 | D:2      | Reached XP level 4. HP: 24/24 MP: 4/12
  1164 | D:2      | Learned a level 4 spell: Summon Ice Beast
  2206 | D:3      | Found a faded altar of an unknown god.
  2344 | D:3      | Reached skill level 1 in Summonings
  2344 | D:3      | Reached XP level 5. HP: 28/28 MP: 8/13
  2655 | D:4      | Found Jegown Yfiar's Weapon Emporium.
  2817 | D:4      | Reached skill level 1 in Charms
  3006 | D:4      | Noticed a two-headed ogre
  3479 | D:4      | Reached skill level 5 in Spellcasting
  3479 | D:4      | Reached XP level 6. HP: 28/32 MP: 4/15
  3516 | D:4      | Learned a level 4 spell: Throw Icicle
  3724 | D:5      | Entered Level 5 of the Dungeon
  4607 | D:6      | Reached skill level 5 in Stealth
  4975 | D:6      | Reached skill level 5 in Ice Magic
  5194 | D:6      | Reached XP level 7. HP: 21/36 MP: 0/17
  5651 | D:6      | Found a hazy altar of Hepliaklqana.
  5652 | D:6      | Found a shimmering altar of Xom.
  5653 | D:6      | Noticed a spectral ugly thing
  6005 | D:5      | Reached skill level 1 in Evocations
  6521 | D:5      | Found a staircase to the Ecumenical Temple.
  6527 | Temple   | Entered the Ecumenical Temple
  6556 | Temple   | Became a worshipper of Vehumet
  6666 | D:4      | Killed a two-headed ogre
  6666 | D:4      | Reached XP level 8. HP: 29/41 MP: 8/19
  6966 | D:7      | Got an ancient dagger
  6968 | D:7      | Identified the cursed +2 dagger "Yliygofa" {vamp, Stlth+} (You found it on level 7 of the Dungeon)
  6989 | D:7      | Found Gilomn's Antique Weapon Boutique.
  6995 | D:7      | Bought an encrusted war axe for 229 gold pieces
  6996 | D:7      | Identified the +9 war axe "Weahusko" {holy, Dex+3 Stlth+} (You bought it in a shop on level 7 of the Dungeon)
  7022 | D:7      | Noticed Menkaure
  7038 | D:7      | Killed Menkaure
  7608 | D:8      | Found a runed gate.
  7609 | D:8      | Found a runed gate.
  7610 | D:8      | Found a runed gate.
  7613 | D:8      | Noticed Treefire's ghost (novice DrTm)
  7663 | D:8      | Reached skill level 5 in Charms
  7787 | D:8      | Found a hide-covered altar of Uskayaw.
  8143 | D:8      | Reached * piety under Vehumet
  8143 | D:8      | Offered knowledge of Sting by Vehumet.
  8296 | D:9      | Identified the cursed +0 cloak "Imuug" {*Drain rF++ MR- Str+3} (You found it on level 9 of the Dungeon)
  8619 | D:9      | Reached XP level 9. HP: 45/45 MP: 11/21
  8843 | D:9      | Found a staircase to the Orcish Mines.
  8863 | D:9      | Found Casius's Book Emporium.
  8880 | D:9      | Reached skill level 5 in Conjurations
  9044 | D:9      | Noticed a two-headed ogre
  9078 | D:9      | Killed a two-headed ogre
  9256 | D:9      | Noticed Joseph
  9275 | D:9      | Killed Joseph
  9903 | D:9      | Reached skill level 5 in Summonings
  9923 | D:9      | Reached ** piety under Vehumet
  9923 | D:9      | Offered knowledge of Sandblast by Vehumet.
  9932 | D:9      | Learned a level 1 spell: Sandblast
 10002 | D:9      | Found a glowing golden altar of the Shining One.
 10271 | D:10     | Entered Level 10 of the Dungeon
 10373 | D:10     | Reached XP level 10. HP: 50/50 MP: 17/24
 10514 | D:10     | You fall through a shaft for 3 floors!
 10520 | D:13     | Reached skill level 1 in Earth Magic
 10583 | D:13     | Noticed a cyclops
 10586 | D:13     | Paralysed by a hornet for 2 turns
 10589 | D:13     | Noticed a five-headed hydra
 10866 | D:13     | Noticed Sonja
 10870 | D:13     | Noticed a deep elf mage
 10872 | D:13     | Noticed a necromancer
 10890 | D:13     | Killed a necromancer
 10891 | D:13     | Killed a deep elf mage
 10891 | D:13     | Reached skill level 5 in Dodging
 10909 | D:13     | Killed Sonja
 10909 | D:13     | Reached skill level 5 in Evocations
 11044 | D:13     | Noticed a two-headed ogre
 11069 | D:13     | Paralysed by a hornet for 2 turns
 11070 | D:13     | HP: 2/50 [hornet (9)]
 11071 | D:13     | Slain by a hornet

Vault maps used:
D:1:      sevenhm_arrival_forest_fort_large_4, minmay_misc_feat_iff,
          minmay_pentomino_p4
D:3:      chequers_ecumenical_altar_lobes, first_ration
D:4:      serial_shops, shop, serial_column_ruins, column_ruins_corridor_corner,
          column_ruins_open_medium, column_ruins_open_small
D:5:      minmay_temple_entry_enclosed_plants
D:6:      regret_index_temple_of_mockery
D:7:      serial_shops, kennysheep_little_box, uniq_menkaure
D:8:      lemuel_round_altar, ebering_ghost_rock_garden,
          hangedman_little_slice_of_home
D:9:      minmay_flawed_box, tso_metal_star, minmay_orc_entry_guard_dogs,
          serial_shops, kennysheep_mini, uniq_joseph
D:13:     david_vaults_1, onia_ninara_cookie, uniq_sonja
Temple:   regret_index_temple_mists

Skill      XL: |  1  2  3  4  5  6  7  8  9 10 |
---------------+-------------------------------+-----
Stealth        | 3 4 5 6 7 8 |  8.3
Spellcasting   | 4 5 6 7 8 |  8.4
Ice Magic      | 4 5 6 7 |  7.2
Summonings     | 1 2 3 4 5 |  5.5
Conjurations   | 2 3 4 5 6 |  6.1
Charms         | 1 2 4 5 7 |  7.0
Evocations     | 2 3 4 5 |  5.1
Dodging        | 3 4 5 |  5.2
Earth Magic    | 2 |  2.8

Action                   |  1- 3 |  4- 6 |  7- 9 | 10-12 || total
-------------------------+-------+-------+-------+-------++-------
Melee: Unarmed           |     3 |       |       |       ||     3
       Dagger            |       |     6 |       |       ||     6
       Staff             |       |     6 |       |       ||     6
       War axe           |       |       |    52 |     3 ||    55
 Cast: Freeze            |    35 |    83 |    38 |       ||   156
       Throw Frost       |    16 |    96 |    63 |     4 ||   179
       Ozocubu's Armour  |     1 |       |       |       ||     1
       Throw Icicle      |       |     5 |    14 |     7 ||    26
       Summon Ice Beast  |       |     2 |    45 |     8 ||    55
       Sandblast         |       |       |       |     2 ||     2
Evoke: Wand              |       |       |       |     3 ||     3
  Use: Scroll            |       |     2 |    10 |     3 ||    15
       Potion            |       |       |     3 |     2 ||     5
 Stab: Sleeping          |     1 |       |     5 |       ||     6
       Distracted        |       |       |     1 |     1 ||     2
  Eat: Chunk             |     1 |    11 |    18 |       ||    30
       Ration            |       |     1 |     1 |     1 ||     3
Armor: Robe              |     7 |    12 |    19 |     1 ||    39
Dodge: Dodged            |    17 |    49 |    72 |    13 ||   151
Block: Other             |       |     1 |    12 |     2 ||    15

Table legend:
 A = Spawn XP
 B = Non-spawn XP
 C = Spawn XP percentage of total XP
 D = Spawn monster count
 E = Non-spawn monster count
 F = Spawn count percentage of total count
 G = Total turns spent on level
                    A         B        C        D         E        F      G
               +---------+---------+-------+---------+---------+-------+---------
         Total |       0 |    7467 |   0.0 |       0 |     189 |   0.0 | 11071
               +---------+---------+-------+---------+---------+-------+---------
           D:1 |       0 |      45 |   0.0 |       0 |      21 |   0.0 |   869
           D:2 |       0 |     104 |   0.0 |       0 |      21 |   0.0 |   989
           D:3 |       0 |      60 |   0.0 |       0 |      15 |   0.0 |   742
           D:4 |       0 |     650 |   0.0 |       0 |      20 |   0.0 |  1338
           D:5 |       0 |     444 |   0.0 |       0 |      13 |   0.0 |   958
           D:6 |       0 |     421 |   0.0 |       0 |      21 |   0.0 |  1913
           D:7 |       0 |     332 |   0.0 |       0 |      10 |   0.0 |   621
           D:8 |       0 |     429 |   0.0 |       0 |      14 |   0.0 |  1008
           D:9 |       0 |    2798 |   0.0 |       0 |      38 |   0.0 |  1788
          D:10 |       0 |     323 |   0.0 |       0 |       6 |   0.0 |   243
          D:13 |       0 |    1861 |   0.0 |       0 |      10 |   0.0 |   557
               +---------+---------+-------+---------+---------+-------+---------
